 Dungeon Crawl Stone Soup version 0.19.0-2-gae57169 (webtiles) character file.

693 jacquesderrida the Ruffian (level 7, -1/57 HPs)
             Began as a Vine Stalker Wanderer on Nov 5, 2016.
             Slain by an orc
             ... wielding a +2 vampiric hand axe
              (2 damage)
             ... on level 6 of the Dungeon.
             The game lasted 00:07:38 (1753 turns).

jacquesderrida the Ruffian (Vine Stalker Wanderer)  Turns: 1753, Time: 00:07:39

Health: -1/57      AC: 23    Str: 18    XL:     7   Next: 64%
Magic:  0/8        EV:  2    Int: 11    God:
Gold:   244        SH:  0    Dex: 13    Spells: 0 memorised, 6 levels left

rFire  . . .     SeeInvis .     k - +2 dagger (venom)
rCold  + . .     Gourm    .     (armour currently unavailable)
rNeg   + + +     Faith    .     (no shield)
rPois  +         Spirit   +     (helmet currently unavailable)
rElec  .         Reflect  .     (cloak currently unavailable)
rCorr  .         Harm     .     (gloves currently unavailable)
MR     +....     NoTele   +     (boots currently unavailable)
Stlth  ++........               (no amulet)
                                l - ring of protection from magic
                                i - ring of protection from cold

@: lethally poisoned (-1 -> -1), tree-form
A: (fangs 0), regeneration 1, magic shield, (antimagic bite), no device heal 3,
rot immunity
a: no special abilities


You were on level 6 of the Dungeon.
You were hungry.
You were a tree.
You visited 1 branch of the dungeon, and saw 9 of its levels.

You collected 244 gold pieces.

Inventory:

Hand Weapons
 a - a +3 hand axe
 d - a +0 dagger
 h - a +2 trident of protection
 k - a +2 dagger of venom (weapon)
Armour
 b - a +0 ring mail (melded)
Jewellery
 i - a ring of protection from cold (left branch)
 l - a ring of protection from magic (right branch)
Scrolls
 c - 4 scrolls of teleportation
 e - a scroll of amnesia
 g - a scroll of recharging
 j - 2 scrolls of remove curse
Potions
 n - a potion of brilliance {unknown}
 o - 2 potions of might
 q - 2 potions of lignification
Books
 m - a book of Callings

   Spells                             Type                      Level
   a - Summon Small Mammal            Summoning                    1
   b - Call Imp                       Summoning                    2
   c - Call Canine Familiar           Summoning                    3
   d - Summon Guardian Golem          Hexes/Summoning              3
   e - Summon Lightning Spire         Summoning/Air                4
   f - Summon Ice Beast               Ice/Summoning                4
Comestibles
 f - 3 bread rations
 p - 3 fruits
 r - a meat ration


   Skills:
 + Level 4.3 Fighting
 - Level 2.6 Axes
 - Level 2.4 Armour
 - Level 2.4 Stealth
 * Level 6.6 Unarmed Combat


You had 6 spell levels left.
You didn't know any spells.

Dungeon Overview and Level Annotations

Branches:
Dungeon (9/15)
 Temple: D:4-7         Lair: D:8-11         Orc: D:9-12

Altars:
Dithmenos
Elyvilon
Gozag
Makhleb
Yredelemnul

Shops:
D:3 *

Portals:
Ossuary: D:6

Annotations:
D:3 nikopol's ghost, amateur HOBe
D:6 Kite's ghost, novice GrFE; Menkaure


Innate Abilities, Weirdness & Mutations

((You have extremely sharp teeth.))
Your natural rate of healing is unusually fast.
When hurt, damage is shared between your health and your magic reserves.
((Your bite disrupts and absorbs the magic of your enemies.))
Potions and wands cannot restore your health.
You are immune to rotting.


Message History

The orc hits you with a vampiric hand axe.
Something hits you. Something shocks you.
You completely miss something.
The orc hits you with a vampiric hand axe.
Something hits you. Something shocks you.
* * * LOW HITPOINT WARNING * * *
You hit something but do no damage. Your bite misses something.
Kite's ghost grins evilly.
Something hits you.
* * * LOW HITPOINT WARNING * * *
Something shocks you.
* * * LOW HITPOINT WARNING * * *
You turn into a tree.
Your +0 ring mail melds into your body.
Your roots penetrate the ground.
You feel sick.
The orc hits you with a vampiric hand axe.
* * * LOW HITPOINT WARNING * * *
Something hits you but does no damage.
You closely miss something.
The orc hits you with a vampiric hand axe.
You die...

### ##
###8###_###
#####8...8...8##
#.M##.........##
#.W#♣[........8#
#.###o........##
###8...8...8##
###8###_### ###
#


You could see Menkaure, Kite's ghost and an orc.

Vanquished Creatures
  An ogre (D:9)
  A bullfrog (D:3)
  2 scorpions (D:4)
  3 crimson imps
  A hound (D:5)
  An orc priest (D:8)
  A jelly (D:5)
  3 orc wizards
  2 worker ants
  A killer bee zombie (D:5)
  A worker ant zombie (D:5)
  3 adders
  2 shadow imps (D:5)
  A worm (D:2)
  A dart slug (D:4)
  A leopard gecko (D:2)
  10 orcs
  3 bats
  2 goblins
  3 hobgoblins
  9 jackals
  7 kobolds
  A quokka (D:6)
  A ball python (D:3)
  3 frilled lizards
  4 rats
68 creatures vanquished.

Notes
Turn   | Place    | Note
-------+----------+-------------------------------------------
     0 | D:1      | jacquesderrida the Vine Stalker Wanderer began the quest for the Orb.
     0 | D:1      | jacquesderrida set off with: a +2 hand axe, a +0 ring mail, a scroll of teleportation, a +0 dagger, a bread ration
     0 | D:1      | Reached XP level 1. HP: 11/11 MP: 2/2
    78 | D:1      | Reached skill level 1 in Unarmed Combat
    82 | D:1      | Reached XP level 2. HP: 14/15 MP: 0/3
   336 | D:2      | Reached skill level 2 in Unarmed Combat
   433 | D:2      | Reached XP level 3. HP: 14/18 MP: 4/4
   450 | D:2      | Found a white marble altar of Elyvilon.
   512 | D:3      | Found Gozag's Platinum Reserve.
   538 | D:3      | Found an opulent altar of Gozag.
   545 | D:3      | Noticed a bullfrog
   545 | D:3      | Noticed nikopol's ghost (amateur HOBe)
   570 | D:3      | Killed a bullfrog
   570 | D:3      | Reached skill level 3 in Unarmed Combat
   570 | D:3      | Gained mutation: Your natural rate of healing is unusually fast. [Vine Stalker growth]
   570 | D:3      | Reached XP level 4. HP: 12/23 MP: 5/5
   631 | D:4      | Reached skill level 4 in Unarmed Combat
   631 | D:4      | Reached XP level 5. HP: 20/28 MP: 6/6
   993 | D:5      | Entered Level 5 of the Dungeon
  1000 | D:5      | Reached XP level 6. HP: 32/32 MP: 7/7
  1053 | D:5      | Reached skill level 5 in Unarmed Combat
  1062 | D:5      | Found a shadowy altar of Dithmenos.
  1539 | D:6      | Found a sand-covered staircase.
  1544 | D:6      | You fall through a shaft for 3 floors!
  1568 | D:9      | Reached skill level 6 in Unarmed Combat
  1568 | D:9      | Reached XP level 7. HP: 10/37 MP: 5/8
  1670 | D:8      | Found a basalt altar of Yredelemnul.
  1687 | D:6      | Found a basalt altar of Yredelemnul.
  1687 | D:6      | Found a burning altar of Makhleb.
  1687 | D:6      | Noticed Menkaure
  1737 | D:6      | Noticed Kite's ghost (novice GrFE)
  1752 | D:6      | HP: 1/57 [orc/vampiric hand axe (2)]
  1753 | D:6      | Slain by an orc

Skill      XL: |  1  2  3  4  5  6 |
---------------+-------------------+-----
Unarmed Combat | 1 2 3 4 6 |  6.6
Fighting       | 2 3 4 |  4.3
Axes           | |  2.6
Armour         | |  2.4
Stealth        | |  2.4

Action                   |  1- 3 |  4- 6 |  7- 9 || total
-------------------------+-------+-------+-------++-------
Melee: Hand axe          |    60 |    98 |       ||   158
       Bite              |     8 |    31 |    20 ||    59
       Punch             |       |     4 |     1 ||     5
       Trident           |       |    35 |    68 ||   103
       Dagger            |       |       |     4 ||     4
  Use: Potion            |     4 |       |     1 ||     5
       Scroll            |       |     9 |       ||     9
 Stab: Sleeping          |     1 |     1 |       ||     2
  Eat: Chunk             |       |     3 |       ||     3
Armor: Ring mail         |    29 |    61 |    40 ||   130
       Skin              |       |       |     1 ||     1
Dodge: Dodged            |    37 |    81 |    30 ||   148
